 Dungeon Crawl Stone Soup version 0.29-a0-234-g0dae59b3db (webtiles) character file.

Game seed: 6617765744458846710

7653 esteth the Fighter (level 11, -10/81 HPs)
             Began as an Octopode Brigand on Mar 2, 2022.
             Was an Initiate of Gozag.
             Mangled by a two-headed ogre
             ... wielding a +0 giant club
              (33 damage)
             ... on level 9 of the Dungeon.
             The game lasted 00:22:10 (12933 turns).

esteth the Fighter (Octopode Brigand)              Turns: 12933, Time: 00:22:11

Health: -10/81     AC:  1    Str: 10    XL:     11   Next: 18%
Magic:  15/15      EV: 16    Int: 17    God:    Gozag
Gold:   409        SH:  5    Dex: 15    Spells: 16/16 levels left

rFire   . . .      SeeInvis .   s - +7 staff of the Meek {protect, meekguard}
rCold   + . .      Faith    .   (shield currently unavailable)
rNeg    . . .      Spirit   .   (helmet restricted)
rPois   +          Reflect  +   M - amulet of reflection
rElec   .          Harm     .   d - ring of willpower
rCorr   .          Rampage  .   P - ring of poison resistance
Will    +....                   C - ring of protection from cold
Stlth   +++++.....              Z - ring of wizardry
HPRegen 0.23/turn               (no ring)
MPRegen 0.14/turn               (no ring)
                                (no ring)
                                (no ring)

@: no status effects
A: almost no armour, amphibious, 8 rings, camouflage 1, gelatinous body 1,
(nimble swimmer 1), tentacles
a: Renounce Religion, Potion Petition, Call Merchant, Bribe Branch


You were on level 9 of the Dungeon.
You worshipped Gozag.
Gozag was aware of your devotion.
You visited 2 branches of the dungeon, and saw 11 of its levels.

You collected 1506 gold pieces.
You spent 660 gold pieces at shops.
You paid 437 gold pieces to Gozag.


Innate Abilities, Weirdness & Mutations

You cannot wear most types of armour.
You are amphibious.
You can wear up to eight rings at the same time.
Your skin changes colour to match your surroundings (Stealth+).
Your rubbery body absorbs attacks. (AC +1, EV +1)
((You are camouflaged when in or above water. (Stealth+)))
You have tentacles for arms and can constrict up to eight enemies at once.


   Skills:
 - Level 10.0 Fighting
 - Level 2.0 Short Blades
 - Level 9.7 Staves
 - Level 2.0 Throwing
 - Level 6.8 Dodging
 - Level 9.0 Stealth
 + Level 3.2 Spellcasting
 + Level 3.5 Ice Magic


You had 16 spell levels left.
You didn't know any spells.
Your spell library contained the following spells:

 Spells                   Type           Power      Damage    Failure   Level
 Ensorcelled Hibernation  Hex/Ice        16%        N/A       5%          2
 Passwall                 Tmut/Erth      1%         N/A       11%         2
 Call Canine Familiar     Summ           2%         N/A       21%         3
 Portal Projectile        Hex/Tloc       4%         N/A       21%         3
 Swiftness                Air            2%         N/A       21%         3
 Leda's Liquefaction      Hex/Erth       1%         N/A       52%         4
 Olgreb's Toxic Radiance  Pois           2%         N/A       52%         4
 Passage of Golubria      Tloc           2%         N/A       52%         4
 Silence                  Hex/Air        1%         N/A       86%         5
 Ozocubu's Refrigeration  Ice            7%         4d6       100%        7
 Ignition                 Fire           1%         3d3       100%        8
 Lehudib's Crystal Spear  Conj/Erth      1%         10d2      100%        8

Inventory:

Hand Weapons
 a - a +2 dagger
 m - a +1 vampiric dagger
   (You found it on level 2 of the Dungeon)
 s - the +7 staff of the Meek (weapon) {protect, meekguard}
   (You found it on level 3 of the Dungeon)

   It grants its wielder temporary protection when it strikes (+7 to AC).
   It provides extra protection to wielders with little health.
 A - the +1 rapier of the Forest {protect, Fragile rPois Int+6 Stlth+}
   (You found it on level 6 of the Dungeon)

   It grants its wielder temporary protection when it strikes (+7 to AC).
   Int:       It affects your intelligence (+6).
   rPois:     It protects you from poison.
   Fragile:   It will be destroyed if unequipped.
   Stlth:     It makes you more stealthy.
Missiles
 b - 17 poisoned darts (quivered)
 e - 254 stones
 u - 14 boomerangs
 F - 4 throwing nets {=f!f}
 G - 7 curare-tipped darts {=f}
Armour
 x - a +0 buckler
   (You found it on level 6 of the Dungeon)
Magical Staves
 E - a staff of cold {!a}
   (You found it on level 8 of the Dungeon)
Jewellery
 c - a ring of ice
   (You found it on level 7 of the Dungeon)
 d - a ring of willpower (left tentacle)
   (You found it on level 1 of the Dungeon)
 n - a ring of positive energy
   (You took it off an orc warrior on level 10 of the Dungeon)
 C - a ring of protection from cold (on tentacle)
   (You found it on level 7 of the Dungeon)
 M - an amulet of reflection (around mantle)
   (You bought it in a shop on level 6 of the Dungeon)
 P - a ring of poison resistance (right tentacle)
   (You took it off a hobgoblin on level 4 of the Dungeon)
 Z - a ring of wizardry (on tentacle)
   (You bought it in a shop on level 6 of the Dungeon)
Wands
 D - a wand of flame (38)
   (You found it on level 8 of the Dungeon)
 L - a wand of digging (7)
   (You took it off a wight on level 9 of the Dungeon)
Scrolls
 f - 15 scrolls of identify {unknown}
 i - 3 scrolls of immolation {unknown}
 j - 4 scrolls of enchant weapon {unknown}
 k - 5 scrolls of teleportation {unknown}
 l - a scroll of enchant armour {unknown}
 o - a scroll of silence {unknown}
 q - a scroll of noise {unknown}
 r - a scroll of blinking {!r}
 w - 2 scrolls of fear {unknown}
 y - 2 scrolls of fog {unknown}
 I - 2 scrolls of amnesia {unknown}
Potions
 g - 2 potions of magic {unknown}
 h - a potion of lignification {unknown}
 p - a potion of haste {unknown}
 t - a potion of invisibility {unknown}
 v - a potion of cancellation {unknown}
 z - 4 potions of heal wounds {unknown}
 B - a potion of berserk rage {unknown}
 H - a potion of degeneration {unknown}
 J - 3 potions of brilliance {unknown}
 K - 2 potions of flight {unknown}
 N - 6 potions of curing {@q1}

Dungeon Overview and Level Annotations

Branches:
Dungeon (10/15)            Temple (1/1) D:6            Lair (0/6) D:10
    Orc: D:9-12

Altars:
Ashenzari
Cheibriados
Elyvilon
Gozag
Hepliaklqana
Kikubaaqudgha
Makhleb
Nemelex Xobeh
Okawaru
Qazlal
Ru
Sif Muna
Trog
Uskayaw
Vehumet
Wu Jian
Xom
Yredelemnul
Zin
The Shining One

Shops:
D:3 ? D:6

= ...#
##'##....#..#.............[
####
#...#....#..#..............
#...'....#..#..............
##..#....#..#..............
##..#....#..#......##'#....
#...#....#..#......#..#....
#...#....#>.#......#..####.
##..#....#..#......#...#...
#####....#@.#.)....#...#...
#.<.#....#O.#.[....'...#...
#...#....#..#......#..##...
#...'....#..'......#..##...
##..#....#..#[...<.#..####'
##..#....'..#......#.......
#...#....#..'......#.......
#...#....#..#......#.......
#####....####......########


You could see a two-headed ogre.


Message History

😎 HP[+11]
Your hp is fully restored (81).
The two-headed ogre shouts in stereo!
The two-headed ogre completely misses you.
The two-headed ogre barely misses you.
You sock the two-headed ogre!
Your weapon exudes an aura of protection.
You hit the two-headed ogre. The two-headed ogre barely misses you.
You block the two-headed ogre's attack.
You thump the two-headed ogre!
The two-headed ogre hits you but does no damage.
The two-headed ogre closely misses you.
You barely miss the two-headed ogre. You squeeze the two-headed ogre.
You thump the two-headed ogre! The two-headed ogre misses you.
The two-headed ogre hits you with a +0 giant spiked club!! 😕 HP[-19]
You take 19 damage, and now have 62/81 hp.
MASSIVE DAMAGE!! (PAUSE)
You hit the two-headed ogre but do no damage.
The two-headed ogre hits you with a +0 giant club!!
The two-headed ogre misses you. 😮 HP[-19]
You take 19 damage, and now have 43/81 hp.
MASSIVE DAMAGE!! (PAUSE)
You hit the two-headed ogre. You hit the two-headed ogre.
The two-headed ogre closely misses you. x2
You barely miss the two-headed ogre. You squeeze the two-headed ogre.
The two-headed ogre hits you with a +0 giant club!
* * * LOW HITPOINT WARNING * * *
The two-headed ogre hits you with a +0 giant spiked club!
* * * LOW HITPOINT WARNING * * *
😨 HP[-20]
You take 20 damage, and now have 23/81 hp.
MASSIVE DAMAGE!! (PAUSE) 😨 HP[+1]
There is an open door here. 😨 HP[+1] 😨 HP[+1] 😨 HP[+1] 😨 HP[+1]
Things that are here:
a +0 trident; a +0 chain mail 😨 HP[+1]
You don't know any spells.
Okay, then. 😨 HP[+1]
You see here a +0 chain mail. 😨 HP[+1] 😨 HP[+1]
There is an open door here.
There is a stone staircase leading up here. 😨 HP[+1]
You climb upwards.
There is a stone staircase leading down here.
You start resting. 😎 HP[+48]
Your hp is fully restored (81).
You climb downwards.
The two-headed ogre hits you with a +0 giant club!!
The two-headed ogre closely misses you.
There is a stone staircase leading up, spattered with blood here. 😮 HP[-35]
You take 35 damage, and now have 46/81 hp.
MASSIVE DAMAGE!! (PAUSE)
The two-headed ogre misses you. x2
You climb upwards.
There is a stone staircase leading down here. 😮 HP[+1] 😮 HP[+1]
There is an open door here. 😮 HP[+1] 😮 HP[+1]
The two-headed ogre barely misses you.
The two-headed ogre hits you with a +0 giant spiked club!!
* * * LOW HITPOINT WARNING * * *
😨 HP[-29]
You take 29 damage, and now have 21/81 hp.
MASSIVE DAMAGE!! (PAUSE) 😨 HP[+1]
Okay, then. 😨 HP[+1]
There is an open door here. 😨 HP[+1] 😨 HP[+1] 😨 HP[+1] 😨 HP[+1]
The two-headed ogre misses you.
The two-headed ogre barely misses you. 😨 HP[+1]
You block the two-headed ogre's attack.
The two-headed ogre barely misses you. 😨 HP[+1] 😨 HP[+1] 😨 HP[+1] 😨 HP[+1]
There is an open door here. 😨 HP[+1]
The two-headed ogre hits you with a +0 giant club!
* * * LOW HITPOINT WARNING * * *
The two-headed ogre hits you with a +0 giant spiked club!!
You die...
Your body crumbles into a pile of gold.

Skill      XL: |  1  2  3  4  5  6  7  8  9 10 11 |
---------------+----------------------------------+-----
Fighting       | 3 4 5 6 7 8 10 | 10.0
Dodging        | 2 3 4 5 6 |  6.8
Stealth        | 6 7 9 |  9.0
Staves         | 1 2 3 4 7 9 |  9.7
Spellcasting   | 1 3 |  3.2
Ice Magic      | 1 3 |  3.5
Short Blades   | |  2.0
Throwing       | |  2.0

Action                   |  1- 3 |  4- 6 |  7- 9 | 10-12 || total
-------------------------+-------+-------+-------+-------++-------
Melee: Dagger            |    62 |    37 |       |       ||    99
       Constrict         |    12 |    15 |    38 |    39 ||   104
       Tentacles         |     4 |    17 |    46 |    61 ||   128
       Punch             |     1 |     1 |     4 |     3 ||     9
       Quarterstaff      |       |    41 |   189 |   236 ||   466
Throw: Dart              |     6 |       |       |       ||     6
Invok: Potion Petition   |       |       |     1 |       ||     1
  Use: Scroll            |       |     1 |       |     1 ||     2
       Potion            |       |       |     1 |     3 ||     4
 Stab: Sleeping          |    20 |    14 |     8 |     8 ||    50
       Distracted        |     1 |       |       |     3 ||     4
Armor: Skin              |     3 |     7 |    38 |    42 ||    90
Dodge: Dodged            |    21 |    43 |   103 |   161 ||   328
Block: Other             |       |       |       |     7 ||     7

Levels and vault maps discovered:
D:1:      heliophobic_arrival_battle_scene, layout_loops_ring,
          shapermc_ecumenical_altar_mp_ritualfount, amethyst_killhole
D:2:      layout_basic, nicolae_elevator_lobby_plus
D:3:      layout_loops_corners, serial_shops, nicolae_shop_trees,
          minmay_shallow_snake_nest
D:4:      layout_loops_cross, nicolae_overflow_squiral
D:5:      layout_gridville, chequers_serial_rivers_micro_a, grunt_ministairs_12,
          minmay_misc_feat_alley, kennysheep_minor_cross, minivault_25,
          minmay_misc_feat_doors
D:6:      minmay_opposing_rooms, layout_basic,
          chequers_temple_overflow_statue_of_worship,
          minmay_temple_entry_crystal_x, serial_shops, shop
D:7:      layout_layer_cave, general_overflow_altar, minmay_fountain_box,
          uniq_harold
D:8:      layout_loops_ring, mainiacjoe_overflow_small_starburst,
          kennysheep_slug_shrine, uniq_maggie
D:9:      layout_gridville, nicolae_overflow_crystal_walls,
          minmay_fractal_squares_5, uniq_pikel
D:10:     layout_roguey, grunt_dithmenos_shadows, marbit_many_paths,
          due_lair_maze_entry_diamond, uniq_sonja, uniq_urug, uniq_erica
Temple:   jpeg_temple_clearing

Notes
Turn   | Place    | Note
-------+----------+-------------------------------------------
     0 | D:1      | esteth the Octopode Brigand began the quest for the Orb.
     0 | D:1      | Reached XP level 1. HP: 14/14 MP: 1/1
     0 | D:1      | magus.rc [v1.11.3]
   206 | D:1      | Reached XP level 2. HP: 20/20 MP: 2/2
   376 | D:1      | HP: 5/20 [frozen (3)]
   400 | D:1      | HP: 5/20 [endoplasm (1)]
   966 | D:1      | Reached XP level 3. HP: 25/25 MP: 3/3
   977 | D:1      | Found a faded altar of an unknown god.
  1476 | D:2      | Reached skill level 3 in Fighting
  2130 | D:3      | Found Lammomaa's Magic Scroll Boutique.
  2240 | D:3      | Reached XP level 4. HP: 31/31 MP: 4/4
  2312 | D:3      | Reached skill level 2 in Dodging
  2312 | D:3      | Reached skill level 6 in Stealth
  2885 | D:3      | Found the +7 staff of the Meek {protect, meekguard}
  2992 | D:3      | Noticed a phantom
  3263 | D:3      | Killed a phantom
  3264 | D:3      | Reached skill level 4 in Fighting
  3264 | D:3      | Reached skill level 1 in Staves
  3264 | D:3      | Reached XP level 5. HP: 37/37 MP: 5/5
  3787 | D:4      | Reached XP level 6. HP: 44/44 MP: 6/6
  3811 | D:4      | Found a hide-covered altar of Uskayaw.
  3814 | D:4      | Found a sparkling altar of Nemelex Xobeh.
  4346 | D:5      | Entered Level 5 of the Dungeon
  4350 | D:5      | Reached skill level 3 in Dodging
  4388 | D:5      | You pick up a book of the Hunter and begin reading...
  4388 | D:5      | You add the spells Call Canine Familiar, Portal Projectile
                  | and Leda's Liquefaction to your library.
  4406 | D:5      | Reached skill level 2 in Staves
  4406 | D:5      | Reached skill level 7 in Stealth
  4456 | D:5      | Reached skill level 5 in Fighting
  4456 | D:5      | Reached XP level 7. HP: 50/50 MP: 7/7
  4924 | D:5      | Reached skill level 3 in Staves
  5087 | D:5      | You add the spells Olgreb's Toxic Radiance, Ozocubu's
                  | Refrigeration and Ignition to your library.
  5196 | D:6      | Found a staircase to the Ecumenical Temple.
  5202 | D:6      | Noticed a steam dragon
  5207 | Temple   | Entered the Ecumenical Temple
  5336 | Temple   | Became a worshipper of Gozag Ym Sagoz the Greedy
  5428 | D:6      | Found a glowing golden altar of the Shining One.
  5428 | D:6      | Found an ancient bone altar of Kikubaaqudgha.
  5433 | D:6      | Reached skill level 6 in Fighting
  5433 | D:6      | Reached skill level 4 in Dodging
  5433 | D:6      | Reached XP level 8. HP: 44/57 MP: 8/8
  5436 | D:6      | Reached skill level 8 in Stealth
  5849 | D:6      | Reached skill level 4 in Staves
  6058 | D:6      | Found a broken altar of Ashenzari.
  6158 | D:6      | Reached skill level 7 in Fighting
  6392 | D:6      | Identified the +1 rapier of the Forest {protect, Fragile
                  | rPois Int+6 Stlth+}
  6479 | D:6      | Reached skill level 5 in Dodging
  6485 | D:6      | Reached skill level 9 in Stealth
  6545 | D:6      | Found Ocko's Jewellery Emporium.
  6563 | D:6      | Reached XP level 9. HP: 46/64 MP: 9/9
  6727 | D:6      | Reached skill level 5 in Staves
  7043 | D:7      | Reached skill level 6 in Dodging
  7313 | D:7      | Reached skill level 6 in Staves
  7348 | D:7      | Noticed Harold
  7499 | D:7      | Found a white marble altar of Elyvilon.
  7511 | D:7      | You pick up a book of Burglary and begin reading...
  7511 | D:7      | You add the spells Passwall, Ensorcelled Hibernation and
                  | Swiftness to your library.
  7807 | D:8      | You pick up a book of the Moon and begin reading...
  7807 | D:8      | You add the spells Passage of Golubria, Silence and
                  | Lehudib's Crystal Spear to your library.
  7821 | D:8      | Found a stormy altar of Qazlal.
  7848 | D:8      | Noticed Maggie
  8136 | D:7      | Killed Harold
  8137 | D:7      | Reached skill level 7 in Staves
  8525 | D:8      | Found a snail-covered altar of Cheibriados.
  8564 | D:8      | Reached skill level 8 in Fighting
  8564 | D:8      | Reached XP level 10. HP: 69/72 MP: 10/10
  8667 | D:8      | HP: 18/72 [poisoned by a kobold brigand (curare-tipped
                  | dart)]
  8675 | D:8      | HP: 13/72 [kobold brigand/+0 dagger (7)]
  9210 | D:8      | Reached skill level 8 in Staves
  9391 | D:9      | Noticed Pikel
  9643 | D:9      | Killed Pikel
  9644 | D:9      | Reached skill level 9 in Fighting
  9709 | D:9      | Found a burning altar of Makhleb.
 10173 | D:8      | Reached skill level 9 in Staves
 10319 | D:8      | Killed Maggie
 11523 | D:9      | Reached skill level 10 in Fighting
 11648 | D:9      | Reached skill level 1 in Spellcasting
 11648 | D:9      | Reached skill level 1 in Ice Magic
 11896 | D:6      | Bought a ring of wizardry for 330 gold pieces
 11896 | D:6      | Bought an amulet of reflection for 330 gold pieces
 11986 | D:10     | Entered Level 10 of the Dungeon
 12042 | D:10     | Reached XP level 11. HP: 74/81 MP: 11/13
 12081 | D:10     | Reached skill level 2 in Ice Magic
 12125 | D:10     | Reached skill level 2 in Spellcasting
 12137 | D:10     | Found a staircase to the Lair.
 12294 | D:10     | Reached skill level 3 in Ice Magic
 12489 | D:10     | Reached skill level 3 in Spellcasting
 12599 | D:10     | Noticed a two-headed ogre
 12933 | D:9      | Mangled by a two-headed ogre

Vanquished Creatures
  Harold (D:7)
  Pikel (D:9)
  Maggie (D:8)
  A hornet (D:8)
  A wraith (D:10)
  2 yaks
  A wyvern (D:7)
  5 steam dragons
  A vampire mosquito (D:6)
  2 acid dragons
  3 orc warriors
  2 sky beasts
  8 water moccasins
  2 black bears
  An ice beast (D:5)
  6 centaurs
  3 ogres
  2 phantoms
  3 lemures (D:9)
  2 kobold brigands
  4 bullfrogs
  3 gnoll sergeants
  A wight (D:9)
  4 killer bees
  5 howler monkeys (D:7)
  6 hounds
  8 orc priests
  A gnoll shaman (D:8)
  An iguana (D:7)
  10 orc wizards
  14 gnolls
  6 adders
  A shadow imp (D:7)
  5 white imps
  An ufetubus (D:7)
  A worm (D:2)
  7 dart slugs
  46 orcs
  6 bats
  9 endoplasms
  3 giant cockroaches
  4 goblins
  6 hobgoblins
  4 quokkas
  8 ball pythons
  4 frilled lizards
  12 kobolds
  5 rats
233 creatures vanquished.

Vanquished Creatures (others)
  43 fungi (D:10)
  52 plants
95 creatures vanquished.

Grand Total: 328 creatures vanquished

Table legend:
 A = Non-vault XP
 B = Vault XP
 C = Vault XP percentage of total XP
 D = Non-vault monster count
 E = Vault monster count
 F = Vault count percentage of total count
                 A         B        C        D         E       F
            +---------+---------+-------+---------+---------+-------
      Total |    6136 |    4797 |  43.9 |     193 |      37 |  16.1
            +---------+---------+-------+---------+---------+-------
        D:1 |      35 |       0 |   0.0 |      19 |       0 |   0.0
        D:2 |      25 |       0 |   0.0 |      13 |       0 |   0.0
        D:3 |     164 |      17 |   9.4 |      22 |       4 |  15.4
        D:4 |     160 |       0 |   0.0 |      20 |       0 |   0.0
        D:5 |     679 |      80 |  10.5 |      19 |       2 |   9.5
        D:6 |     944 |     535 |  36.2 |      15 |      10 |  40.0
        D:7 |     932 |     860 |  48.0 |      19 |       1 |   5.0
        D:8 |    1473 |     582 |  28.3 |      37 |       3 |   7.5
        D:9 |    1373 |    1217 |  47.0 |      25 |       6 |  19.4
       D:10 |     351 |    1506 |  81.1 |       4 |      11 |  73.3
            +---------+---------+-------+---------+---------+-------

Illustrated notes

Table legend:
 A = Kills in this place as a percentage of kills in entire the game.
 B = Kills by you in this place as a percentage of kills by you in the entire game.
 C = Kills by friends in this place as a percentage of kills by friends in the entire game.
 D = Other kills in this place as a percentage of other kills in the entire game.
 E = Experience gained in this place as a percentage of experience gained in the entire game.
 F = Experience gained in this place divided by the number of levels of this place that you have seen.
                   A       B       C       D       E      F
               +-------+-------+-------+-------+-------+----------------------
         Total | 100.0 | 100.0 |   N/A |   N/A | 100.0 | 993.9
       Dungeon | 100.0 | 100.0 |   N/A |   N/A | 100.0 | 1093.3
               +-------+-------+-------+-------+-------+----------------------

Table legend: (Time is in decaauts)
 A = Elapsed time spent in this place.
 B = Non-inter-level travel time spent in this place.
 C = Inter-level travel time spent in this place.
 D = Time resting spent in this place.
 E = Time spent auto-exploring this place.
 F = Levels seen in this place.
 G = Mean time per level.
                   A        B        C        D        E       F      G
               +--------+--------+--------+--------+--------+-----+--------+
         Total |  12941 |  12255 |    686 |   1124 |   9007 |  11 | 1176.5 |
       Dungeon |  12797 |  12126 |    671 |   1124 |   8898 |  10 | 1279.7 |
        Temple |    144 |    129 |     15 |      0 |    109 |   1 |  144.0 |
               +--------+--------+--------+--------+--------+-----+--------+

Top non-repeatable levels by time:
     D:8: 1833 daAuts
     D:9: 1802 daAuts
     D:6: 1678 daAuts
     D:7: 1509 daAuts
     D:3: 1494 daAuts
     D:1: 1032 daAuts
     D:2: 1007 daAuts
     D:4: 892 daAuts
     D:5: 881 daAuts
    D:10: 665 daAuts
  Temple: 144 daAuts
